Map: Lightshade LE

Players

Zunta

  • Race: Terran Terran
  • League: Diamond

Protosus - Winner!

  • Race: Zerg Zerg

VOD

Have the link to the VOD?

Description

Time

  • Played on: Oct. 4, 2021, 9:11 p.m.
  • Length: 13:56
Show
View Real Time Build Order
Export as new Build Order

Zunta Terran 

Build Orders:  

Get SALT Encoding   

  12  0:12  Supply Depot  
  12  0:34  Supply Depot  
  12  0:57  Supply Depot  
  12  1:07  Barracks  
  12  1:16  Barracks  
  12  1:25  Barracks  
  12  1:50  Supply Depot  
  12  1:52  Supply Depot  
  12  1:57  Supply Depot  
  12  2:09  Supply Depot  
  12  2:19  Supply Depot  
  12  2:26  Marine  
  13  2:42  Bunker  
  13  3:20  Bunker  
  13  3:25  Bunker  
  13  3:26  Marine x3  
  16  3:43  Orbital Command  
  16  3:44  Marine x3  
  19  4:06  Bunker  
  19  4:09  Marine x3  
  22  4:27  Marine  
  23  4:56  Refinery  
  23  4:58  Refinery  
  23  5:03  Marine x3  
  26  5:13  Bunker  
  26  5:21  Marine x3  
  29  5:38  Marine  
  29  5:39  Marine x2  
  32  5:45  Bunker  
  32  5:56  Marine  
  33  5:59  Barracks Tech Lab  
  33  6:17  Bunker  
  33  6:29  Marine  
  33  6:31  Marine  
  35  6:46  Bunker  
  35  6:51  Marine  
  36  7:08  Stimpack  
  36  7:17  Bunker  
  36  7:47  Bunker  
  36  7:54  Barracks Reactor  
  36  8:00  Marine  
  36  8:01  Marine  
  38  8:18  Marine  
  38  8:19  Marine, Bunker  
  40  8:30  Marine x2  
  42  8:36  Marine  
  42  8:37  Marine  
  44  8:47  Combat Shield  
  44  8:52  Bunker  
  44  8:55  Marine  
  44  8:56  Marine x3  
  48  9:13  Marine  
  48  9:14  Marine  
  50  9:24  Bunker  
  50  9:33  Bunker  
  50  9:34  Marine x3  
  53  9:38  Marine  
  54  10:16  Marine  
  54  10:17  Marine  
  54  10:21  Marine x2  
  58  10:34  Marine  
  58  10:35  Marine  
  60  10:38  Marine  
  60  10:39  Marine  
  62  10:52  Marine x2  
  62  10:56  Marine x2  
  27  11:31  Marine x2  
  14  11:57  Orbital Command  
  8  12:26  Orbital Command  
    13:12  Orbital Command  
    13:21  Orbital Command  
Show
View Real Time Build Order
Export as new Build Order

Protosus Zerg - Winner!

Build Orders: Hatch First 

Get SALT Encoding   

  12  0:00  Drone  
  13  0:12  Overlord  
  13  0:19  Drone  
  14  0:31  Drone x2  
  16  0:39  Drone  
  17  0:52  Hatchery  
  16  0:57  Drone  
  16  1:01  Drone  
  18  1:11  Extractor  
  17  1:14  Spawning Pool  
  17  1:17  Drone  
  17  1:20  Drone  
  18  1:28  Drone  
  19  1:39  Drone  
  20  1:50  Overlord  
  20  2:03  Zergling x2  
  20  2:04  Queen x2  
  20  2:06  Zergling x2  
  26  2:13  Drone  
  27  2:19  Metabolic Boost  
  27  2:28  Hatchery  
  27  2:37  Drone x2  
  28  2:45  Queen  
  28  2:50  Drone x2  
  28  2:51  Drone  
  33  2:55  Drone  
  34  3:01  Overlord  
  34  3:12  Drone x2  
  36  3:21  Pneumatized Carapace  
  36  3:25  Drone  
  36  3:26  Drone x4  
  41  3:29  Overlord  
  41  3:31  Overlord  
  41  3:40  Drone x2  
  43  3:51  Drone x3  
  43  3:52  Overlord  
  46  3:56  Queen  
  46  4:00  Queen  
  50  4:04  Drone x6  
  56  4:18  Drone x4  
  60  4:28  Drone x9  
  69  4:40  Overlord x3  
  69  4:46  Overlord  
  69  4:59  Extractor  
  68  5:00  Extractor  
  68  5:04  Drone x9  
  68  5:07  Extractor x2  
  75  5:13  Zergling x6, Extractor  
  76  5:17  Lair  
  76  5:19  Baneling Nest  
  75  5:29  Overlord x3  
  75  5:30  Zergling x14  
  82  5:46  Zergling x2  
  82  5:47  Zergling x6  
  86  5:56  Hatchery  
  85  6:06  Overlord x4  
  85  6:11  Hatchery  
  84  6:17  Evolution Chamber  
  84  6:18  Evolution Chamber, Hatchery, Centrifical Hooks  
  82  6:20  Hydralisk Den  
  82  6:23  Overlord  
  82  6:24  Overlord  
  82  6:25  Overseer  
  80  6:27  Overseer  
  80  6:32  Zergling x22  
  91  6:36  Overseer  
  91  6:54  Zergling x12  
  91  6:59  Zerg Melee Weapons Level 1  
  96  7:02  Zerg Ground Armor Level 1  
  96  7:04  Muscular Augments  
  95  7:10  Zergling x2  
  95  7:11  Zergling x12  
  102  7:19  Zergling x6  
  105  7:35  Baneling x8  
  105  7:44  Drone x9  
  114  7:55  Zergling x8  
  114  7:56  Zergling x22  
  129  8:00  Hydralisk  
  129  8:01  Hydralisk x3  
  137  8:05  Baneling  
  137  8:06  Baneling x7  
  137  8:07  Hydralisk x6  
  137  8:08  Hydralisk  
  151  8:13  Overseer  
  151  8:14  Overseer  
  151  8:15  Grooved Spines  
  151  8:18  Zergling x12  
  151  8:19  Zergling x2  
  158  8:22  Overlord  
  158  8:34  Infestation Pit  
  157  8:45  Zergling x20  
  157  8:46  Hydralisk x4  
  175  8:48  Overlord  
  175  9:00  Zerg Melee Weapons Level 2  
  175  9:03  Zerg Ground Armor Level 2  
  175  9:10  Hive  
  175  9:14  Hydralisk x5  
  184  9:34  Baneling x8  
  184  9:35  Baneling x2  
  184  9:41  Baneling x19  
  184  9:42  Baneling x2  
  184  9:43  Baneling  
  184  10:08  Baneling x16  
  184  10:18  Baneling  
  184  10:19  Baneling x6  
  184  10:25  Overlord x3  
  184  10:30  Adrenal Glands  
  184  10:40  Spore Crawler, Drone x6  
  184  10:41  Drone x6  
  195  10:47  Extractor  
  195  10:48  Extractor  
  193  10:52  Drone x6  
  199  10:58  Baneling x14  
  199  10:59  Baneling x4  
  177  11:24  Zergling x2  
  177  11:25  Zergling x52  
  184  11:26  Zergling x4  
  183  11:44  Spore Crawler x2  
  183  11:45  Spore Crawler x2  
  177  11:50  Spire x2  
  177  11:52  Ultralisk Cavern  
  174  12:23  Zergling x28  
  174  12:24  Zergling x24  
  174  12:28  Baneling x11  
  200  13:12  Baneling x10  
  200  13:13  Baneling  
  200  13:14  Baneling x4  
Tags
 
Add a new tag
Caveats
  • Supply blocks, unpowered buildings, or Contaminate may cause inaccurate times.
  • Supply counts are checked every 10 seconds.